 Dungeon Crawl Stone Soup version 0.25.0-10-g039870ee82 (webtiles) character file.

Game seed: 1503662866198633914

261 Peloso the Shield-Bearer (level 5, 25/47 HPs)
             Began as a Minotaur Fighter on June 22, 2020.
             Got out of the dungeon alive.
             The game lasted 00:03:16 (1275 turns).

Peloso the Shield-Bearer (Minotaur Fighter)         Turns: 1275, Time: 00:03:16

Health: 25/47      AC:  7    Str: 20    XL:     5   Next: 96%
Magic:  4/4        EV:  8    Int:  5    God:
Gold:   98         SH:  9    Dex:  9    Spells: 4/4 levels left

rFire    . . .     SeeInvis +   a - +0 long sword
rCold    . . .     Gourm    .   c - +0 kite shield
rNeg     . . .     Faith    .   b - +0 scale mail
rPois    .         Spirit   .   (helmet restricted)
rElec    .         Reflect  .   (no cloak)
rCorr    .         Harm     .   (no gloves)
MR       .....                  (no boots)
Stlth    ..........             (no amulet)
HPRegen  0.15/turn              (no ring)
MPRegen  0.09/turn              (no ring)

@: stab
A: retaliatory headbutt, hooves 1, horns 2, see invisible, clumsy 1
a: no special abilities


You escaped.
You were not hungry.

You visited 1 branch of the dungeon, and saw 2 of its levels.

You collected 98 gold pieces.

Inventory:

Hand Weapons
 a - a +0 long sword (weapon)
Armour
 b - a +0 scale mail (worn)
 c - a +0 kite shield (worn)
Scrolls
 e - a scroll of identify {unknown}
 g - a scroll of teleportation {unknown}
 h - a scroll of remove curse {unknown}
 k - 2 scrolls of magic mapping {unknown}
 l - 2 scrolls of blinking {unknown}
 m - a scroll of amnesia {unknown}
 o - a scroll of enchant armour {unknown}
Potions
 d - a potion of degeneration {unknown}
 i - a potion of invisibility
 j - a potion of stabbing
Comestibles
 f - 4 rations
 p - 3 chunks of flesh


   Skills:
 + Level 4.5 Fighting
 + Level 4.8 Long Blades
 + Level 4.9 Armour
 + Level 0.8 Dodging
 + Level 5.1 Shields


You had 4 spell levels left.
You didn't know any spells.
Your spell library contained the following spells:

 Spells                   Type           Power        Failure   Level  Hunger
 Beastly Appendage        Tmut           #.....       99%         1    ##.....
 Sticks to Snakes         Tmut           #.......     100%        2    ###....
 Spider Form              Tmut/Pois      #.........   100%        3    ####...
 Ice Form                 Ice/Tmut       #.......     100%        4    #####..
 Blade Hands              Tmut           #.........   100%        5    ######.


Dungeon Overview and Level Annotations

Branches:
Dungeon (2/15)

Altars:


Innate Abilities, Weirdness & Mutations

You reflexively headbutt those who attack you in melee.
You have a pair of horns on your head.
You have large cloven feet.
You have supernaturally acute eyesight. (SInv)
You are clumsy. (Dex -2)


Message History

You kill Natasha!
Natasha yowls pathetically as she dies!
The white imp disappears in a puff of smoke!
The shadow imp disappears in a puff of smoke!
(D) Dungeon
Where to? (Enter - D:1 @ (x,y), ? - help)
You hear a zap.
You hear a grinding noise.
You hear a zap.
You hear a grinding noise.
You feel a little less mighty now.
There is a staircase leading out of the dungeon here.
(D) Dungeon
Where to? (Enter - D:1 @ (x,y), ? - help)
What level of the Dungeon? (default 1, ? - help) You're already here!
(D) Dungeon
Where to? (Enter - D:1 @ (x,y), ? - help)
What level of the Dungeon? (default 1, ? - help) You're already here!
Are you sure you want to leave the Dungeon?
This will make you lose the game!
You have escaped!

.##.###..##.....##.###.#
.......###########.....#
####.### #####.#
####.### #.# #......#
######### #.#
#.##.#.###.......# #.#
#.##.#.##..#####.#####.#
#.##.....#.##..........#
...###..###...#.@#######
..>.##.#.#.#####.#
.......##........#
#.################ #.#
#.#### #....####
#.......# #.##.##.#


There were no monsters in sight!

Vanquished Creatures
  Sigmund (D:2)
  Natasha (twice) (D:1)
  A gnoll (D:1)
  An ooze (D:1)
  A worm (D:1)
  2 dart slugs
  3 bats (D:1)
  3 giant cockroaches (D:1)
  6 goblins (D:1)
  A frilled lizard (D:1)
  6 kobolds
  2 rats
29 creatures vanquished.

Notes
Turn   | Place    | Note
-------+----------+-------------------------------------------
     0 | D:1      | Peloso the Minotaur Fighter began the quest for the Orb.
     0 | D:1      | Reached XP level 1. HP: 19/19 MP: 0/0
   143 | D:1      | Reached XP level 2. HP: 26/27 MP: 1/1
   306 | D:1      | Reached skill level 4 in Shields
   623 | D:1      | Reached XP level 3. HP: 33/33 MP: 2/2
   713 | D:2      | Noticed Natasha
   720 | D:1      | Killed Natasha
   833 | D:2      | Reached XP level 4. HP: 40/40 MP: 3/3
  1189 | D:2      | Noticed Sigmund
  1209 | D:2      | Killed Sigmund
  1209 | D:2      | Reached skill level 5 in Shields
  1209 | D:2      | Reached XP level 5. HP: 12/47 MP: 4/4
  1221 | D:2      | Gained mutation: You are clumsy. (Dex -2) [potion of
                  | mutation]
  1221 | D:2      | Gained mutation: You have large cloven feet. [potion of
                  | mutation]
  1221 | D:2      | Gained mutation: You have supernaturally acute eyesight.
                  | (SInv) [potion of mutation]
  1226 | D:1      | Noticed Natasha
  1234 | D:1      | Killed Natasha
  1275 | D:$      | Got out of the dungeon alive.

Illustrated notes

Levels and vault maps discovered:
D:1:      dpeg_arrival_tiny_a, layout_loops_cross,
          minmay_misc_feat_four_crosses, corexii_corridor_pit
D:2:      layout_basic, first_ration, uniq_robin, uniq_natasha, uniq_sigmund

Skill      XL: |  1  2  3  4 |
---------------+-------------+-----
Armour         | 4 |  4.9
Shields        | 4 5 |  5.1
Fighting       | 4 |  4.5
Long Blades    | 3 4 |  4.8
Dodging        | |  0.8

Action                   |  1- 3 |  4- 6 || total
-------------------------+-------+-------++-------
Melee: Long sword        |    47 |    22 ||    69
       Headbutt          |     8 |     2 ||    10
       Kick              |       |     1 ||     1
  Use: Potion            |     2 |     4 ||     6
  Eat: Chunk             |       |     1 ||     1
Armor: Scale mail        |    29 |     2 ||    31
Dodge: Dodged            |    17 |     7 ||    24
Block: Kite shield       |    22 |    11 ||    33
       Rpst.: Long sword |     4 |     1 ||     5
